Map: Site Delta LE

Players

trigger

  • Race: Protoss Protoss
  • League: Master
  • Spawn Location: 11:00

Stats - Winner!

  • Race: Protoss Protoss
  • League: Master
  • Spawn Location: 5:00

Event: Bellum Gens Elite Stara Zagora 2024

VOD

Have the link to the VOD?

Description

Time

  • Played on: Sept. 7, 2024, 8:39 a.m.
  • Length: 12:31

All games in this series

Show
View Real Time Build Order
Export as new Build Order

trigger Protoss 

Build Orders: Oracle Opening 

Get SALT Encoding   

  12  0:00  Probe  
  13  0:12  Probe  
  14  0:19  Pylon  
  14  0:24  Probe  
  15  0:37  Probe (Chrono Boost)  
  15  0:38  Gateway  
  16  0:46  Assimilator, Probe (Chrono Boost)  
  17  0:51  Probe (Chrono Boost)  
  18  1:03  Probe  
  19  1:15  Probe (Chrono Boost)  
  19  1:16  Assimilator  
  20  1:21  Pylon  
  20  1:25  Cybernetics Core  
  21  1:26  Probe (Chrono Boost)  
  21  1:31  Probe (Chrono Boost)  
  23  1:39  Zealot  
  24  1:43  Probe  
  25  1:55  Probe  
  26  2:04  Stargate  
  26  2:08  Probe  
  27  2:12  Stalker  
  29  2:17  Pylon  
  29  2:20  Probe  
  29  2:22  Warp Gate  
  30  2:46  Oracle (Chrono Boost), Nexus  
  32  2:53  Shield Battery  
  32  2:57  Probe  
  33  3:03  Stalker  
  35  3:11  Probe  
  36  3:17  Pylon  
  36  3:21  Gateway  
  36  3:24  Probe  
  37  3:33  Twilight Council  
  37  3:37  Probe  
  38  3:49  Shield Battery  
  38  3:50  Probe (Chrono Boost)  
  39  3:58  Probe (Chrono Boost)  
  41  4:03  Gateway, Blink (Chrono Boost)  
  41  4:07  Probe x2 (Chrono Boost)  
  41  4:09  Stalker  
  44  4:14  Probe  
  45  4:18  Stalker  
  45  4:20  Probe  
  48  4:26  Probe  
  49  4:32  Stalker, Probe  
  49  4:36  Pylon  
  49  4:38  Probe  
  53  4:42  Stalker  
  53  4:45  Probe  
  56  4:50  Probe  
  57  4:57  Nexus  
  57  4:58  Probe  
  58  5:03  Pylon, Probe  
  59  5:11  Stalker  
  59  5:12  Stalker  
  63  5:18  Stalker  
  63  5:19  Probe x2  
  67  5:31  Probe x2  
  69  5:36  Stalker x2  
  69  5:41  Forge  
  69  5:42  Stalker  
  75  5:43  Probe  
  75  5:45  Assimilator, Probe  
  77  5:58  Probe (Chrono Boost)  
  78  6:04  Charge  
  78  6:05  Robotics Facility  
  78  6:06  Pylon  
  78  6:07  Protoss Ground Weapons Level 1 (Chrono Boost)  
  78  6:09  Shield Battery, Probe (Chrono Boost)  
  78  6:10  Probe (Chrono Boost)  
  81  6:12  Probe (Chrono Boost)  
  83  6:19  Probe x2 (Chrono Boost)  
  83  6:20  Probe (Chrono Boost)  
  83  6:24  Probe (Chrono Boost)  
  85  6:26  Gateway  
  85  6:27  Probe  
  85  6:28  Gateway  
  85  6:29  Probe  
  85  6:31  Sentry  
  85  6:32  Gateway  
  89  6:34  Gateway  
  89  6:37  Gateway  
  89  6:41  Probe  
  89  6:43  Stalker  
  89  6:46  Stalker  
  94  6:50  Pylon  
  94  6:54  Immortal  
  98  6:59  Pylon  
  98  7:00  Pylon  
  98  7:03  Pylon  
  98  7:04  Zealot  
  100  7:14  Nexus  
  100  7:15  Pylon  
  100  7:25  Zealot x2  
  100  7:27  Zealot x4  
  112  7:33  Zealot  
  112  7:34  Warp Prism (Chrono Boost), Pylon  
  116  7:45  Pylon  
  116  7:48  Zealot x4  
  124  7:53  Protoss Ground Weapons Level 2 (Chrono Boost)  
  124  7:55  Zealot x3  
  130  8:02  Templar Archives  
  130  8:10  Zealot x3  
  130  8:12  Zealot  
  138  8:26  Gateway, Probe  
  139  8:31  Zealot x6  
  145  8:38  Zealot  
  127  8:43  Immortal  
  91  9:00  Stalker x7  
  91  9:02  Shield Battery  
  105  9:12  Zealot  
  107  9:23  Zealot x7  
  121  9:26  Immortal (Chrono Boost)  
  125  9:38  Zealot  
  127  9:43  High Templar x2  
  127  9:44  Zealot x4  
  127  9:45  Zealot x2  
  143  9:47  Archon  
  143  9:54  Probe  
  143  9:56  Warp Prism  
  143  9:59  Zealot  
  148  10:05  Zealot x6  
  160  10:13  Pylon  
  160  10:14  Pylon  
  160  10:16  Pylon  
  160  10:17  Zealot x2  
  164  10:24  Gateway  
  164  10:25  Pylon  
  164  10:34  Zealot x7  
  173  10:40  Zealot x2  
  142  10:47  Immortal  
  110  10:55  Zealot x2  
  110  10:56  Zealot x5  
  106  11:00  Zealot  
  106  11:03  Zealot  
  69  11:17  Zealot x2, High Templar x5  
  75  11:21  Archon x2  
  75  11:22  High Templar  
  77  11:27  Archon  
  77  11:28  Zealot x2  
  79  11:41  Zealot x2  
  81  11:52  Zealot x7  
  91  11:56  Zealot  
  91  12:00  Warp Prism (Chrono Boost)  
  93  12:02  High Templar x2  
  93  12:08  Archon  
  99  12:12  Zealot x3  
Show
View Real Time Build Order
Export as new Build Order

Stats Protoss - Winner!

Build Orders: Blink Stalkers 

Get SALT Encoding   

  12  0:00  Probe  
  13  0:12  Probe  
  14  0:18  Pylon  
  14  0:24  Probe  
  15  0:37  Probe (Chrono Boost)  
  15  0:38  Gateway  
  16  0:46  Assimilator, Probe (Chrono Boost)  
  17  0:51  Probe (Chrono Boost)  
  18  1:03  Probe  
  19  1:15  Probe  
  20  1:26  Pylon  
  20  1:29  Cybernetics Core, Probe  
  23  1:43  Probe  
  23  1:45  Nexus  
  22  1:49  Assimilator  
  22  1:55  Probe  
  23  2:02  Stalker (Chrono Boost)  
  23  2:06  Warp Gate  
  25  2:12  Pylon  
  25  2:14  Probe  
  26  2:25  Stalker  
  26  2:26  Probe  
  29  2:30  Pylon  
  29  2:38  Pylon  
  29  2:42  Probe  
  29  2:44  Shield Battery  
  30  2:53  Gateway  
  30  2:56  Probe (Chrono Boost)  
  31  2:58  Probe (Chrono Boost)  
  32  3:09  Stalker (Chrono Boost), Probe x2 (Chrono Boost)  
  36  3:16  Probe x2  
  38  3:25  Twilight Council  
  38  3:28  Probe  
  38  3:29  Probe  
  40  3:37  Pylon  
  40  3:40  Probe  
  41  3:41  Probe  
  42  3:54  Stalker  
  41  3:56  Blink (Chrono Boost)  
  41  3:57  Probe  
  41  3:58  Probe  
  41  4:01  Stalker  
  44  4:09  Probe  
  45  4:10  Probe  
  46  4:20  Stalker  
  46  4:22  Probe x2  
  50  4:25  Robotics Facility  
  50  4:26  Stalker  
  52  4:31  Pylon  
  52  4:34  Probe x2  
  54  4:43  Gateway  
  54  4:44  Gateway  
  54  4:45  Assimilator  
  54  4:46  Probe  
  54  4:47  Probe  
  56  4:55  Stalker, Sentry  
  56  4:58  Pylon  
  60  5:13  Nexus  
  60  5:14  Observer  
  61  5:25  Stalker x2  
  65  5:29  Forge, Probe x2  
  65  5:36  Immortal (Chrono Boost)  
  65  5:41  Stalker  
  71  5:42  Stalker  
  71  5:47  Shield Battery  
  71  5:49  Probe  
  75  5:50  Probe  
  75  5:53  Stalker  
  75  5:58  Stalker  
  75  6:01  Shield Battery  
  75  6:03  Pylon  
  77  6:06  Protoss Ground Weapons Level 1 (Chrono Boost)  
  78  6:18  Probe  
  78  6:20  Immortal (Chrono Boost)  
  78  6:22  Probe (Chrono Boost)  
  78  6:25  Probe (Chrono Boost)  
  84  6:27  Charge  
  84  6:31  Probe (Chrono Boost)  
  85  6:34  Probe (Chrono Boost)  
  85  6:37  Probe (Chrono Boost)  
  88  6:40  Probe (Chrono Boost)  
  88  6:41  Gateway, Probe (Chrono Boost)  
  88  6:42  Probe (Chrono Boost)  
  88  6:43  Gateway  
  88  6:45  Probe (Chrono Boost)  
  90  6:47  Gateway  
  90  6:51  Sentry  
  90  6:52  Observer, Probe x2  
  95  6:56  Assimilator  
  95  6:57  Gateway, Probe  
  95  6:58  Observer  
  97  7:06  Pylon x2  
  97  7:08  Pylon, Phoenix  
  97  7:12  Templar Archives  
  97  7:15  Probe  
  97  7:16  Probe x2  
  100  7:26  Nexus  
  100  7:28  Immortal  
  104  7:36  Zealot x2, Sentry  
  104  7:37  Zealot  
  112  7:39  Pylon  
  112  7:41  Pylon  
  112  7:47  Zealot x2  
  112  7:48  Zealot  
  118  7:53  Zealot  
  120  7:59  Gateway x2  
  120  8:01  High Templar x2  
  120  8:02  Zealot  
  120  8:04  Protoss Ground Weapons Level 2 (Chrono Boost)  
  126  8:05  Archon  
  126  8:08  Zealot x3  
  132  8:12  Shield Battery  
  132  8:16  Shield Battery  
  132  8:18  Zealot x2  
  136  8:23  Photon Cannon  
  136  8:31  Zealot x2  
  140  8:39  Zealot x4  
  140  8:40  Pylon  
  134  8:42  Zealot, Pylon  
  134  8:46  Zealot  
  114  8:59  Stalker x2  
  118  9:09  Stalker x2  
  122  9:10  High Templar x2  
  122  9:13  Probe x2  
  122  9:15  Archon  
  122  9:16  Warp Prism (Chrono Boost)  
  126  9:27  Observer, Photon Cannon  
  126  9:31  High Templar x2  
  126  9:34  Photon Cannon  
  128  9:42  Probe x4  
  128  9:43  Zealot x3  
  138  9:46  Archon  
  138  9:51  Photon Cannon  
  138  9:54  High Templar  
  138  9:55  Zealot x2, High Templar  
  138  9:56  Zealot  
  146  10:00  Archon  
  146  10:07  Zealot x5  
  156  10:17  Zealot x3  
  160  10:24  Pylon  
  160  10:26  Pylon  
  160  10:27  Pylon  
  160  10:36  High Templar x2  
  160  10:37  Zealot x7  
  160  10:41  Zealot  
  160  10:42  Archon  
  110  10:57  Zealot x7  
  106  11:04  Zealot  
  106  11:05  Immortal (Chrono Boost)  
  106  11:11  Zealot x2  
  102  11:20  Zealot x5, High Templar x2  
  116  11:25  Archon  
  116  11:27  Zealot  
  118  11:32  Stalker  
  118  11:33  Stalker  
  118  11:36  Warp Prism (Chrono Boost)  
  116  11:43  Observer  
  116  11:48  Zealot x4, Nexus, High Templar x2  
  116  11:49  Zealot x2, Pylon  
  132  11:56  Archon  
  132  11:58  Zealot x2  
  134  12:10  Zealot x6  
  134  12:14  Photon Cannon  
  146  12:22  Zealot x4  
Tags
 
Add a new tag
Caveats
  • Supply blocks, unpowered buildings, or Contaminate may cause inaccurate times.
  • Supply counts are checked every 10 seconds.